 Dungeon Crawl Stone Soup version 0.30-a0-879-ga8ba668304 (webtiles) character file.

Game seed: 16350785171606256130

33 AtlasWard the Shooter (level 3, -1/22 HPs)
             Began as a Kobold Hunter on Mar 12, 2023.
             Succumbed to an adder's poison
             ... on level 2 of the Dungeon.
             The game lasted 00:01:12 (1282 turns).

AtlasWard the Shooter (Kobold Hunter)               Turns: 1282, Time: 00:01:13

Health: -1/22      AC:  3    Str:  8    XL:     3   Next: 47%
Magic:  3/3        EV: 14    Int: 10    God:
Gold:   78         SH:  0    Dex: 20    Spells: 2/2 levels left

rFire   . . .      SeeInvis .    a - +0 shortbow
rCold   . . .      Faith    .    (shield currently unavailable)
rNeg    . . .      Spirit   .    c - +0 leather armour
rPois   .          Reflect  .    (no helmet)
rElec   .          Rampage  .    (no cloak)
rCorr   .                        (no gloves)
Will    .....                    (no boots)
Stlth   +++                      (no amulet)
HPRegen 0.23/turn                (no ring)
MPRegen 0.08/turn                (no ring)

@: lethally poisoned (-1 -> -4)
A: small, no large weapons, nightstalker 3
a: no special abilities


You were on level 2 of the Dungeon.
You visited 1 branch of the dungeon, and saw 2 of its levels.

You collected 78 gold pieces.

Inventory:

Hand Weapons
 a - a +0 shortbow (weapon)
Armour
 c - a +0 leather armour (worn)
Jewellery
 m - a ring of protection from fire
Scrolls
 b - a scroll of immolation
 d - 2 scrolls of torment {unknown}
 e - a scroll of identify {unknown}
 g - a scroll of enchant armour {unknown}
 i - a scroll of poison {unknown}
 j - a scroll of blinking {unknown}
 n - a scroll of noise {unknown}
Potions
 f - a potion of attraction {unknown}
 h - 2 potions of invisibility {unknown}
 k - a potion of berserk rage {unknown}
 l - a potion of haste {unknown}
 o - a potion of might {unknown}
 p - a potion of mutation {unknown}


   Skills:
 + Level 2.7 Fighting
 * Level 6.1 Ranged Weapons
 - Level 2.4 Dodging
 + Level 2.5 Stealth


You had 2 spell levels left.
You didn't know any spells.
Your spell library was empty.

Dungeon Overview and Level Annotations

Branches:
Dungeon (2/15)

Altars:
Makhleb

Shops:
D:1 *


Innate Abilities, Weirdness & Mutations

You are small and have problems with some larger weapons.
You are completely attuned to the shadows.


Message History

Unknown command.
You are too injured to fight recklessly!
Unknown command.
You are too injured to fight recklessly!
Unknown command.
You are too injured to fight recklessly!
Fire: a) +0 shortbow
Press: ? - help, Q - select action Shift-Dir - straight line, f/p - adder
Aim: an adder (severely wounded, 51% to hit)
You shoot an arrow. The arrow closely misses the adder.
You feel sick. The adder misses you.
Unknown command.
Fire: a) +0 shortbow
Press: ? - help, Q - select action Shift-Dir - straight line, f/p - adder
Aim: an adder (severely wounded, 51% to hit)
You shoot an arrow. The arrow barely misses the adder.
You feel sick. The adder bites you. x2
* * * LOW HITPOINT WARNING * * *
Fire: a) +0 shortbow
Press: ? - help, Q - select action Shift-Dir - straight line, f/p - adder
Aim: an adder (severely wounded, 51% to hit)
You shoot an arrow. The arrow closely misses the adder.
You feel sick. The adder barely misses you. x2
Fire: a) +0 shortbow
Press: ? - help, Q - select action Shift-Dir - straight line, f/p - adder
Aim: an adder (severely wounded, 51% to hit)
You shoot an arrow. The arrow hits the adder.
The adder is almost dead.
You feel sick.
You are no longer poisoned.
The adder bites you.
* * * LOW HITPOINT WARNING * * *
You are lethally poisoned!
The adder poisons you!
Fire: a) +0 shortbow
Press: ? - help, Q - select action Shift-Dir - straight line, f/p - adder
Aim: an adder (almost dead, 51% to hit)
You shoot an arrow. The arrow hits the adder.
You kill the adder!
You die...

~~.#....##.......
≈~~#....##.......
~~~..............
♣~≈.............#.#
~~#.~~~..######.#.#..
~~.~~....# ###.#.#
.≈~.#....# #....
#..~#~♣..#### ###.#
#~.†@♣......# #.#
.....##.....# #..
..#..##.....# ### #
#.........## #
#..........#
###.......# #.......#
##......## .......##
###


There were no monsters in sight!

Vanquished Creatures
  An adder (D:2)
  A dart slug (D:1)
  3 ball pythons (D:1)
  3 bats
  4 endoplasms
  A giant cockroach (D:1)
  4 goblins
  3 hobgoblins
  A quokka (D:1)
  4 kobolds (D:1)
  4 rats (D:1)
29 creatures vanquished.

Vanquished Creatures (others)
  A plant (D:1)
1 creature vanquished.

Grand Total: 30 creatures vanquished

Notes
Turn   | Place    | Note
-------+----------+-------------------------------------------
     0 | D:1      | AtlasWard the Kobold Hunter began the quest for the Orb.
     0 | D:1      | Reached XP level 1. HP: 12/12 MP: 1/1
   111 | D:1      | Reached XP level 2. HP: 18/18 MP: 2/2
   363 | D:1      | Found Homo's Assorted Antiques.
   374 | D:1      | Reached XP level 3. HP: 20/22 MP: 3/3
   814 | D:1      | Reached skill level 6 in Ranged Weapons
  1020 | D:2      | Found a burning altar of Makhleb.
  1281 | D:2      | HP: 1/22 [adder (3)]
  1282 | D:2      | Succumbed to an adder's poison

Illustrated notes

Levels and vault maps discovered:
D:1:      mrwooster_arrival_arrow, layout_basic, serial_shops,
          nicolae_shop_overgrown_old_shop
D:2:      layout_basic, basic_altar, chequers_serial_rivers_marsh

Skill      XL: |  1  2  3 |
---------------+----------+-----
Stealth        | 2 |  2.5
Ranged Weapons | 6 |  6.1
Fighting       | |  2.7
Dodging        | |  2.4

Action                     || total
---------------------------++-------
   Fire: Shortbow          ||    63
 Armour: Leather armour    ||     5
  Dodge: Dodged            ||    21

Table legend: (Time is in decaauts)
 A = Elapsed time spent in this place.
 B = Non-inter-level travel time spent in this place.
 C = Inter-level travel time spent in this place.
 D = Time resting spent in this place.
 E = Time spent auto-exploring this place.
 F = Levels seen in this place.
 G = Mean time per level.
                   A        B        C        D        E       F      G
               +--------+--------+--------+--------+--------+-----+--------+
         Total |   1299 |   1258 |     41 |      0 |   1123 |   2 |  649.5 |
       Dungeon |   1299 |   1258 |     41 |      0 |   1123 |   2 |  649.5 |
               +--------+--------+--------+--------+--------+-----+--------+

Top non-repeatable levels by time:
     D:1: 967 daAuts
     D:2: 331 daAuts
